cohdb
Replays
Latest Replays
All Replays
Popular Replays
Top Player Replays
Match Explorer
How It Works
Community
CoH3 Stats
Reddit
Sign in to upload your games and track your stats! →
Sign in with Steam
Match 40943306
Unlisted
Match 40943306
Overview
Messages
Build Orders
End
Construct Section Command Post
Selects Heavy Armor Battlegroup
Infantry Section
Infantry Section
Infantry Section
ML 3-inch Mortar Team
Construct Platoon Command Post
Royal Engineer Section
Selects Engineer Detachments
Humber Armored Car
Royal Engineer Section
Construct Field Infirmary
Royal Engineer Section
Infantry Training
Vickers Machine Gun Team
Selects Light Vehicle Withdraw and Refit
Selects UNKNOWN (202330)
Vickers Machine Gun Team
Team Weapon Training
Selects Designate Targets
Designate Targets
Construct Company Command Post
Exf
Gravey
Misumi Uika
Halghery
[DGG] Bayerische
Junco
[DGG]Coca Mousse
德意志军团长
0
0
Comments
sign in to comment!
No comments posted yet!